 Dungeon Crawl Stone Soup version 0.31-a0-354-g827e0957a7 (webtiles) character file.

Game seed: 14080045314086839297

7445 themarg the Destroyer (level 11, -1/72 HPs)
             Began as a Tengu Conjurer on July 23, 2023.
             Was a Priest of Vehumet.
             Slain by an orc warlord
             ... wielding a +3 broad axe
              (3 damage)
             ... in a bailey.
             The game lasted 00:55:10 (15912 turns).

themarg the Destroyer (Tengu Conjurer)             Turns: 15912, Time: 00:55:11

Health: -1/72      AC: 10    Str:  8    XL:     11   Next: 15%
Magic:  2/19       EV: 16    Int: 34    God:    Vehumet [***...]
Gold:   234        SH:  5    Dex: 13    Spells: 6/20 levels left

rFire   . . .        P - +1 dagger (venom)
rCold   . . .        (no shield)
rNeg    . . .        T - +0 steam dragon scales
rPois   .            (helmet restricted)
rElec   .            Q - +1 cloak
rCorr   .            k - +2 pair of gloves
SInv    .            (boots unavailable)
Will    .....        i - amulet of reflection
Stlth   ++           f - +6 ring of intelligence
HPRegen 0.32/turn    u - +6 ring of intelligence
MPRegen 0.16/turn

%: reflection
@: flying quickly and evasively, quick
A: beak, talons 3, nimble flight
a: Renounce Religion


You were in a bailey.
You worshipped Vehumet.
Vehumet was most pleased with you.
You visited 2 branches of the dungeon, and saw 10 of its levels.
You also visited: Sewer and Bailey.

You collected 360 gold pieces.
You spent 126 gold pieces at shops.

Inventory:

Hand Weapons
 e - a +0 dagger of electrocution
 P - a +1 dagger of venom (weapon)
Missiles
 c - 113 stones
 h - 16 boomerangs
 j - 2 throwing nets
 t - 12 poisoned darts (quivered)
 D - 4 boomerangs of dispersal
Armour
 k - a +2 pair of gloves (worn)
 Q - a +1 cloak (worn)
 T - +0 steam dragon scales (worn)
Jewellery
 f - a +6 ring of intelligence (left hand)
 i - an amulet of reflection (around neck)
 u - a +6 ring of intelligence (right hand)
 B - a +6 ring of dexterity
 I - an amulet of guardian spirit
 N - a +4 ring of slaying
Talismans
 l - a beast talisman
 v - a blade talisman
Wands
 o - a wand of polymorph (18)
 K - a wand of flame (32)
 L - a wand of digging (8)
Scrolls
 a - a scroll of enchant weapon {unknown}
 n - 2 scrolls of amnesia {unknown}
 p - a scroll of torment {unknown}
 q - 2 scrolls of silence
 E - a scroll of acquirement {unknown}
 F - 2 scrolls of fog
 G - 2 scrolls of vulnerability
 J - a scroll of fear {unknown}
 M - a scroll of noise {unknown}
 R - 2 scrolls of blinking {unknown}
 S - 2 scrolls of teleportation
Potions
 d - 7 potions of curing
 g - a potion of berserk rage {unknown}
 m - a potion of invisibility
 r - 2 potions of haste
 s - 2 potions of lignification
 w - a potion of experience {unknown}
 x - a potion of brilliance {unknown}
 z - 2 potions of cancellation
 A - a potion of resistance {unknown}
 C - 2 potions of heal wounds {unknown}
 H - a potion of might {unknown}


   Skills:
 - Level 10.0 Fighting
 - Level 1.0 Throwing
 - Level 5.0 Dodging
 - Level 3.0 Stealth
 + Level 5.2 Spellcasting
 - Level 10.0 Conjurations
 - Level 4.5 Hexes
 - Level 4.5 Translocations
 - Level 3.0 Fire Magic
 - Level 3.0 Poison Magic
 - Level 2.0 Evocations


You had 6 spell levels left.
You knew the following spells:

 Your Spells              Type           Power      Damage    Failure   Level
a - Magic Dart            Conj           100%       1d8       1%          1
b - Searing Ray           Conj           100%       2d8       1%          2
c - Iskenderun's Mystic   Conj/Tloc      55%        2d12      1%          4
d - Fulminant Prism       Conj/Hex       27%        3d13      1%          4
e - Ignite Poison         Fire/Tmut/Pois 22%        N/A       1%          3

Your spell library contained the following spells:

 Spells                   Type           Power      Damage    Failure   Level
 Flame Wave               Conj/Fire      52%        2d13      1%          4
 Sandblast                Erth           16%        2d6       1%          1
 Poisonous Vapours        Pois/Air       38%        N/A       1%          2
 Dazzling Flash           Conj/Hex       100%       N/A       1%          3
 Portal Projectile        Hex/Tloc       78%        N/A       1%          3
 Stone Arrow              Conj/Erth      84%        3d12      1%          3
 Volatile Blastmotes      Fire/Tloc      68%        2d15      1%          3
 Sting                    Tmut/Pois      76%        1d6       2%          1
 Olgreb's Toxic Radiance  Pois           29%        N/A       3%          4
 Summon Small Mammal      Summ           32%        N/A       4%          1
 Summon Guardian Golem    Hex/Summ       24%        N/A       5%          3
 Passwall                 Tmut/Erth      6%         N/A       7%          2
 Sublimation of Blood     Necr           8%         N/A       7%          2
 Wereblood                Tmut           8%         N/A       7%          2
 Call Canine Familiar     Summ           8%         N/A       13%         3
 Leda's Liquefaction      Hex/Erth       12%        N/A       17%         4
 Animate Dead             Necr           8%         N/A       41%         4
 Silence                  Hex/Air        12%        N/A       43%         5
 Agony                    Necr           8%         N/A       77%         5
 Borgnjor's Vile Clutch   Necr/Erth      4%         N/A       77%         5
 Death Channel            Necr           4%         N/A       100%        6
 Summon Hydra             Summ           4%         N/A       100%        7
 Discord                  Hex            19%        N/A       100%        8
 Ignition                 Fire           14%        3d6       100%        8


Dungeon Overview and Level Annotations

Branches:
Dungeon (9/15)             Temple (1/1) D:7           Sewer (visited)
 Bailey (1/1)
   Lair: D:8-11         Orc: D:9-12

Altars:
Ashenzari
Cheibriados
Dithmenos
Elyvilon
Fedhas
Gozag
Hepliaklqana
Kikubaaqudgha
Makhleb
Nemelex Xobeh
Okawaru
Qazlal
Ru
Sif Muna
Trog
Uskayaw
Vehumet
Wu Jian
Xom
Yredelemnul
The Shining One

Shops:
D:6 !

Annotations:
D:6 exclusions: boulder beetle and manticore
D:7 4 runed translucent doors, exclusions: 4 doors and two-headed ogre
D:9 6 exclusions


Innate Abilities, Weirdness & Mutations

You have a beak for a mouth.
You have claws for feet.
Your magical nature lets you fly swiftly and evasively.


Message History

The poisoned dart barely misses the orc warlord.
You erupt in a blast of force!
The mystic blast hits the orc warlord.
The orc warlord is severely wounded.
The orc warlord is knocked back by the mystic blast.
Aiming: Fulminant Prism (mildly dangerous; 1% risk of failure)
Press: ? - help, Dir - move target, p - orc warlord You conjure a prism of explosive energy!
A fulminant prism comes into view.
Your fulminant prism crackles loudly.
Your magical contamination has completely faded away.
Your fulminant prism explodes!
The blast of energy engulfs the orc warlord.
The orc warlord is almost dead.
Aiming: Searing Ray (safe; 1% risk of failure)
Press: ? - help, Shift-Dir - straight line, f - orc warlord
Aim: an orc warlord, wielding a +3 broad axe and wearing a +0 plate armour (almost dead, poisoned, 90% to hit)
The searing ray hits the orc warlord but does no damage.
The orc warlord is almost dead. (Press . to maintain the ray.)
The searing ray hits the orc warlord but does no damage.
The orc warlord is almost dead.
The searing ray hits the orc warlord.
The orc warlord is almost dead.
The orc warlord looks more healthy.
The searing ray hits the orc warlord but does no damage.
The orc warlord is almost dead.
You finish channelling your searing ray.
The orc warlord hits you with a +3 broad axe!!
* * * LOW HITPOINT WARNING * * *
You feel better.
The orc warlord hits you with a +3 broad axe!
* * * LOW HITPOINT WARNING * * *
Aiming: Searing Ray (safe; 1% risk of failure)
Press: ? - help, Shift-Dir - straight line, f/p - orc warlord
Aim: an orc warlord, wielding a +3 broad axe and wearing a +0 plate armour (almost dead, 90% to hit)
The searing ray hits the orc warlord!
The orc warlord is almost dead. (Press . to maintain the ray.)
The orc warlord hits you with a +3 broad axe.
You die...

♣♣♣♣♣♣
♣♣♣..@.♣♣♣♣
♣.♣..o....♣
♣♣.......))♣
♣.....∩..).♣♣
♣....)......♣
♣♣...)∩.....♣
♣..)....).♣♣
♣.....))..♣
♣♣##)))##♣♣


You could see an orc warlord.

Vanquished Creatures
  Pikel (D:6)
  A gargoyle (D:7)
  Grinder (D:5)
  Prince Ribbit (D:7)
  Sigmund (D:2)
  A wyvern (D:8)
  4 yaks (D:8)
  2 steam dragons (D:7)
  2 water moccasins (D:7)
  Duvessa (D:7)
  14 orc warriors
  2 sky beasts (D:7)
  2 black bears
  An ogre (D:5)
  4 lemures (D:6)
  5 phantoms
  2 kobold brigands
  Blork the orc (D:4)
  5 bullfrogs
  2 scorpions (D:5)
  A gnoll sergeant (D:6)
  14 wights
  Dowan (D:7)
  3 killer bees (D:9)
  4 hounds
  2 jellies (D:4)
  4 orc priests
  4 iguanas
  5 orc wizards
  Robin (D:3)
  8 gnolls
  18 adders
  8 river rats (Sewer)
  2 shadow imps
  A white imp (D:7)
  2 worms (D:2)
  4 dart slugs
  36 orcs
  7 bats
  8 endoplasms
  5 giant cockroaches
  30 goblins
  14 hobgoblins
  11 jackals
  30 kobolds
  5 quokkas
  14 ball pythons
  4 frilled lizards
  28 rats
  A fulminant prism (D:9)
328 creatures vanquished.

Vanquished Creatures (others)
  An orc (D:7)
  A kobold (D:6)
  43 fulminant prisms
45 creatures vanquished.

Grand Total: 373 creatures vanquished

Notes
Turn   | Place    | Note
-------+----------+-------------------------------------------
     0 | D:1      | themarg the Tengu Conjurer began the quest for the Orb.
     0 | D:1      | Reached XP level 1. HP: 10/10 MP: 4/4
   156 | D:1      | Reached XP level 2. HP: 15/15 MP: 0/6
   214 | D:1      | Learned a level 2 spell: Searing Ray
   518 | D:1      | Reached XP level 3. HP: 19/19 MP: 1/7
  2402 | D:2      | Reached XP level 4. HP: 24/24 MP: 6/8
  2536 | D:2      | Noticed Sigmund
  2565 | D:2      | Reached skill level 1 in Translocations
  2651 | D:2      | Killed Sigmund
  2652 | D:2      | Gained mutation: Your magical nature lets you fly swiftly
                  | and evasively. [Tengu growth]
  2652 | D:2      | Reached XP level 5. HP: 14/28 MP: 1/9
  2652 | D:2      | Reached XP level 6. HP: 16/32 MP: 1/10
  2895 | D:2      | Found a faded altar of an unknown god.
  2896 | D:2      | You are sucked into a shaft and drop 2 floors!
  2951 | D:4      | Found a glowing drain.
  3040 | D:4      | Noticed Blork the orc
  3060 | Sewer    | Entered a sewer
  3111 | Sewer    | Learned a level 4 spell: Iskenderun's Mystic Blast
  3169 | Sewer    | Reached XP level 7. HP: 25/36 MP: 1/11
  4590 | D:4      | Found an ornate altar of the Wu Jian Council.
  5215 | D:2      | Reached XP level 8. HP: 41/41 MP: 8/12
  5734 | D:3      | Noticed Robin
  5740 | D:3      | Killed Robin
  5951 | D:3      | Found a hide-covered altar of Uskayaw.
  6675 | D:4      | Reached skill level 10 in Conjurations
  6982 | D:4      | Reached skill level 1 in Hexes
  7084 | D:4      | Found a radiant altar of Vehumet.
  7175 | D:4      | Became a worshipper of Vehumet
  7683 | D:4      | Killed Blork the orc
  7684 | D:4      | Reached skill level 1 in Throwing
  7777 | D:5      | Entered Level 5 of the Dungeon
  8202 | D:5      | Reached skill level 1 in Fighting
  8390 | D:5      | Noticed Grinder
  8769 | D:5      | Paralysed by Grinder for 2 turns
  8774 | D:5      | Killed Grinder
  8775 | D:5      | Reached XP level 9. HP: 51/51 MP: 4/13
  9762 | D:5      | Learned a level 4 spell: Fulminant Prism
  9874 | D:6      | Found Loc Iruz's Distillery.
  9882 | D:6      | Bought a potion of ambrosia for 112 gold pieces
  9882 | D:6      | Bought a potion of degeneration for 14 gold pieces
  9905 | D:6      | Noticed a boulder beetle
  9961 | D:6      | Reached * piety under Vehumet
  9961 | D:6      | Offered knowledge of Foxfire by Vehumet.
 10334 | D:6      | Reached skill level 5 in Fighting
 10421 | D:6      | Noticed a manticore
 10423 | D:6      | Reached skill level 1 in Evocations
 11236 | D:6      | Noticed Pikel
 11261 | D:6      | Killed Pikel
 11875 | D:7      | Found a staircase to the Ecumenical Temple.
 11927 | D:7      | Noticed Prince Ribbit
 11935 | D:7      | Killed Prince Ribbit
 11936 | D:7      | Reached XP level 10. HP: 15/63 MP: 6/15
 12132 | D:7      | Found a sparkling altar of Nemelex Xobeh.
 12467 | D:7      | Noticed a white ugly thing
 12467 | D:7      | Noticed a manticore
 12468 | D:7      | Found a large runed translucent door.
 12469 | D:7      | Found a large runed translucent door.
 12491 | D:7      | Offered knowledge of Scorch by Vehumet.
 12515 | D:7      | Noticed Duvessa
 12516 | D:7      | Noticed Dowan
 12632 | D:7      | Killed Duvessa
 12632 | D:7      | Reached ** piety under Vehumet
 12750 | D:7      | Noticed a gargoyle
 12754 | D:7      | Killed a gargoyle
 12932 | D:7      | Found a large runed translucent door.
 12932 | D:7      | Found a large runed translucent door.
 13254 | D:7      | Killed Dowan
 13380 | D:7      | Noticed a two-headed ogre
 13436 | Temple   | Entered the Ecumenical Temple
 13872 | D:8      | Noticed a gargoyle
 13872 | D:8      | Noticed a green ugly thing
 13873 | D:8      | Noticed a deep elf pyromancer
 13879 | D:8      | Noticed a manticore
 13908 | D:8      | Reached skill level 10 in Fighting
 15108 | D:9      | Offered knowledge of Ignite Poison by Vehumet.
 15110 | D:9      | Reached skill level 5 in Dodging
 15150 | D:9      | Reached skill level 5 in Spellcasting
 15158 | D:9      | Learned a level 3 spell: Ignite Poison
 15200 | D:9      | Reached skill level 1 in Fire Magic
 15200 | D:9      | Reached XP level 11. HP: 69/72 MP: 1/19
 15231 | D:9      | Found a flagged portal.
 15322 | Bailey   | Entered a bailey
 15344 | Bailey   | Reached *** piety under Vehumet
 15637 | Bailey   | Reached skill level 1 in Poison Magic
 15755 | Bailey   | Offered knowledge of Flame Wave by Vehumet.
 15865 | Bailey   | Noticed an orc warlord
 15910 | Bailey   | HP: 3/72 [orc warlord/+3 broad axe (28)]
 15912 | Bailey   | Slain by an orc warlord

Illustrated notes

Levels and vault maps discovered:
D:1:      lemuel_arrival_river_ford, layout_basic, minmay_hexomino_c4
D:2:      layout_rooms, chequers_ecumenical_altar_lobes, grunt_decor_junction,
          kennysheep_boxes, uniq_sigmund
D:3:      layout_basic, nicolae_uskayaw_murder_on_the_dancefloor, minivault_5,
          roderic_roman_lattice, uniq_robin
D:4:      layout_basic, nzn_wu_jian_council_hall, vehumet_altar_wand_db,
          gup_sewer_entry_glass, uniq_blork_the_orc
D:5:      layout_layer_cave, skrybe_limestone_x, uniq_grinder
D:6:      minmay_opposing_rooms, layout_basic, serial_shops, shop, uniq_pikel
D:7:      layout_cave_pools, mainiacjoe_overflow_tiny_flanked,
          minmay_temple_entry_proselytizer, minmay_hollow_rounded_squares,
          uniq_duvessa, uniq_prince_ribbit1
D:8:      layout_basic, onia_ninara_dug_in_and_dangerous
D:9:      layout_roguey, zin_statuary, zombieorc2_lemuel, special_room
          [special_room_orc], enter_bailey_5, eino_jars
Temple:   nicolae_temple_bog_church
Bailey:   bailey_axe_minmay_hex_keep, bailey

Skill      XL: |  1  2  3  4  5  6  7  8  9 10 11 |
---------------+----------------------------------+-----
Stealth        | 3 |  3.0
Conjurations   | 6 7 8 9 10 | 10.0
Translocations | 2 3 4 |  4.5
Hexes          | 4 |  4.5
Throwing       | 1 |  1.0
Fighting       | 3 7 10 | 10.0
Evocations     | 2 |  2.0
Spellcasting   | 3 5 |  5.2
Dodging        | 5 |  5.0
Fire Magic     | 1 3 |  3.0
Poison Magic   | 3 |  3.0

Action                     |  1- 3 |  4- 6 |  7- 9 | 10-12 || total
---------------------------+-------+-------+-------+-------++-------
  Melee: Dagger            |     4 |     6 |    13 |    16 ||    39
         Kick              |     1 |     2 |     2 |     6 ||    11
         Peck              |     1 |     1 |     6 |     6 ||    14
  Throw: Dart              |       |       |     7 |     8 ||    15
         Throwing net      |       |       |     2 |       ||     2
   Cast: Magic Dart        |    69 |    25 |   167 |    43 ||   304
         Searing Ray       |     1 |     9 |    85 |    35 ||   130
         Iskenderun's Myst |       |       |    13 |    21 ||    34
         Fulminant Prism   |       |       |     4 |    40 ||    44
         Ignite Poison     |       |       |       |     7 ||     7
  Evoke: Wand              |       |       |     7 |       ||     7
    Use: Scroll            |       |     3 |     7 |     4 ||    14
         Potion            |       |       |     3 |     6 ||     9
 Armour: Robe              |     5 |     1 |    10 |       ||    16
         Steam dragon scal |       |       |       |     7 ||     7
  Dodge: Dodged            |     5 |     8 |    22 |    25 ||    60
  Block: Other             |       |     5 |     8 |     7 ||    20
         Reflection        |       |       |     2 |     1 ||     3

Table legend: (Time is in decaauts)
 A = Elapsed time spent in this place.
 B = Non-inter-level travel time spent in this place.
 C = Inter-level travel time spent in this place.
 D = Time resting spent in this place.
 E = Time spent auto-exploring this place.
 F = Levels seen in this place.
 G = Mean time per level.
                   A        B        C        D        E       F      G
               +--------+--------+--------+--------+--------+-----+--------+
         Total |  15246 |  14522 |    724 |   2335 |   9769 |  12 | 1270.5 |
       Dungeon |  13221 |  12497 |    724 |   1866 |   8747 |   9 | 1469.0 |
        Temple |      1 |      1 |      0 |      0 |      0 |   1 |    1.0 |
         Sewer |   1448 |   1448 |      0 |    176 |    940 |   1 | 1448.0 |
        Bailey |    574 |    574 |      0 |    293 |     81 |   1 |  574.0 |
               +--------+--------+--------+--------+--------+-----+--------+

Top non-repeatable levels by time:
     D:6: 2257 daAuts
     D:1: 2016 daAuts
     D:4: 1793 daAuts
     D:5: 1775 daAuts
   Sewer: 1448 daAuts
     D:3: 1345 daAuts
     D:7: 1325 daAuts
     D:8: 1266 daAuts
     D:2: 1106 daAuts
  Bailey: 574 daAuts
     D:9: 336 daAuts
  Temple: 1 daAuts
